Iakona, chaotic male human Wizard `# # ------- ############# ---------- #####-.#....# #------############ ---------- |........| # |.....|### #|....|# ------# |........| #.........| ##|.)>..+#####|.%..|` |.....+##### |.)......| ###--------+- ----|-- ###|.....####@...`.|### ###.........| # # #|....|# |Z.$..| ###|.........#### # ##+....|# ------ #+........| # ##------# ---------- ### ########### # # ----.-# |....|# |....|# |....|# |.....# ------ Iakona the Evoker Experience level: 2 Strength: 12 Dexterity: 13 Constitution: 13 Intelligence: 15 Wisdom: 10 Charisma: 12 Health: 0(16) Energy: 20(20) Def: 1 Gold: 380 Moves: 1217 Dungeon seed: uXX4oIYnvT4m373Z Game ID: Iakona_1714605863 Your Inventory: Coins $ - 380 gold pieces Weapons a - a blessed +1 quarterstaff (weapon in hands) Armor e - an uncursed +0 cloak of magic resistance (being worn) Comestibles x - 2 uncursed tripe rations C - an uncursed lembas wafer Scrolls i - an uncursed scroll of taming j - an uncursed scroll of create monster k - an uncursed scroll of confuse monster s - a cursed scroll of enchant weapon t - an uncursed scroll of charging Spellbooks l - a blessed spellbook of force bolt m - an uncursed spellbook of stone to flesh u - an uncursed spellbook of cure blindness v - an uncursed spellbook of cure sickness w - an uncursed spellbook of magic missile Potions f - an uncursed potion of levitation g - an uncursed potion of invisibility h - an uncursed potion of restore ability o - a cursed potion of gain ability z - an uncursed potion of monster detection A - an uncursed potion of gain energy D - a blessed potion of paralysis Rings c - an uncursed ring of sustain ability d - an uncursed ring of slow digestion Wands b - a wand of lightning (0:8) Tools n - an uncursed blindfold Gems q - an uncursed chrysoberyl stone r - an uncursed worthless piece of violet glass Spells and supernatural/magical abilities: Name Level Category Fail Memory a - force bolt 1 attack 0% 94% S - stone to flesh 3 healing 100% 94% W - pray for help -- divine ? -- Your skills at the end: Fighting Skills Weapon Skills quarterstaff [Basic] Spellcasting Skills attack spells [Basic] enchantment spells [Basic] Final Attributes: You were fervently aligned. You were magic-protected. You are dead. Vanquished creatures: a gas spore a gecko 3 jackals a kobold 2 goblins 2 grid bugs a bat 6 lichens 2 kobold zombies 2 newts 21 creatures vanquished. Voluntary challenges: You followed a strict vegan diet. You used a wielded weapon 10 times, starting on turn 113. You were illiterate. You never genocided any monsters. You never polymorphed an object. You never changed form. You used no wishes. You never split a pudding. You never wrote Elbereth's name. You violated your moral code, losing 8 points of alignment, starting on turn 724. Dungeon overview: The Dungeons of Doom: levels 1 to 3 Level 1 a fountain a long staircase Level 2 an altar to Thoth, a fountain a long staircase Level 3 <- You were here a sink History has recorded: On T:1 you entered the Dungeons of Doom to retrieve the Amulet of Yendor! On T:358 you reached level 2 of The Dungeons of Doom. On T:892 you advanced to experience level 2. On T:1052 you reached level 3 of The Dungeons of Doom. Score breakdown: Gold: 380 ( 8779 points) Experience: 2 levels ( 5570 points) Exploration: 3 levels ( 6.52%) ( 6324 points) Discoveries: 0 items ( 0.00%) ( 0 points) Valuables value: (no points given unless you survive) Artifact value: 0 ( 0 points) Variety of kills: 10 monsters ( 2.62%) ( 4860 points) Turncount: 1217 turns ( 0 points) Survival: died (score multiplied by 80%) Total score: 20426 Latest messages: You see here a pronged polearm. The door resists! (3x) The door opens. You stop exploring. The gecko bites! You stop exploring. (2x) The gecko bites! You stop exploring. A gecko blocks your way. (8x) You hit the gecko. You miss the gecko. The gecko bites! You kill the gecko! The door opens. You hear a slow drip. You stop exploring. (2x) You see here an egg. You kill the gas spore! You are caught in the gas spore's explosion! You stop exploring. The kobold zombie hits! You die... Final status: Goodbye Iakona the Wizard, killed by a kobold zombie... You died in The Dungeons of Doom on dungeon level 3 with 20426 points, and 380 pieces of gold, after 1217 moves. You were level 2 with a maximum of 16 hit points when you died.